 Dungeon Crawl Stone Soup version 0.31.0-11-ge490571c62 (webtiles) character file.

Game seed: 5596058687553992293

23 FilipinaBountyHunter the Sneak (level 2, -1/22 HPs)
             Began as a Human Brigand on Jan 29, 2024.
             Slain by an orc
             ... wielding a +0 hand axe
              (5 damage)
             ... on level 3 of the Dungeon.
             The game lasted 00:02:03 (411 turns).

FilipinaBountyHunter the Sneak (Human Brigand)       Turns: 411, Time: 00:02:04

Health: -1/22      AC:  3    Str: 11    XL:     2   Next: 95%
Magic:  2/2        EV: 12    Int: 11    God:
Gold:   82         SH:  0    Dex: 14    Spells: 1/1 levels left

rFire   + . .        a - +2 dagger
rCold   + . .        (no shield)
rNeg    . . .        b - +0 robe
rPois   +            (no helmet)
rElec   +            c - +0 cloak
rCorr   +            (no gloves)
SInv    .            (no boots)
Will    .....        (no amulet)
Stlth   +++          (no ring)
HPRegen 0.23/turn    (no ring)
MPRegen 0.08/turn

%: no passive effects
@: resistant
A: explore regen
a: no special abilities


You were on level 3 of the Dungeon.
You visited 1 branch of the dungeon, and saw 3 of its levels.

You collected 82 gold pieces.

Inventory:

Hand Weapons
 a - a +2 dagger (weapon)
Missiles
 d - 4 poisoned darts (quivered)
 e - 3 curare-tipped darts
Armour
 b - a +0 robe (worn)
 c - a +0 cloak (worn)


   Skills:
 * Level 2.0 Fighting
 * Level 2.2 Short Blades
 * Level 2.0 Throwing
 * Level 0.3 Armour
 * Level 1.2 Dodging
 * Level 4.6 Stealth


You had one spell level left.
You didn't know any spells.
Your spell library was empty.

Dungeon Overview and Level Annotations

Branches:
Dungeon (3/15)

Altars:


Innate Abilities, Weirdness & Mutations

You regain HP and MP as you explore.


Message History

Things that are here:
a +0 hand axe; a +0 leather armour; an orc corpse Throw: 5 darts (poison)
Press: ? - help, Q - select action, (/) - cycle Shift-Dir - straight line, f - orc
Aim: an orc, wielding a +0 hand axe and wearing a +0 chain mail (65% to hit)
You throw a poisoned dart.
The poisoned dart barely misses the orc.
The poisoned dart hits the orc priest.
The orc priest is poisoned.
The orc shouts!
You hit the orc but do no damage. The orc hits you with a +0 hand axe.
An endoplasm comes into view.
The endoplasm quivers.
You hit the orc but do no damage. The orc barely misses you.
It was a potion of resistance.
You feel protected. The orc hits you with a +0 hand axe.
* * * LOW HITPOINT WARNING * * *
Unknown command.
You aren't carrying any scrolls.
Unknown command.
The orc priest looks more healthy.
A giant cockroach comes into view.
The orc attacks as it pursues you! The orc hits you with a +0 hand axe.
* * * LOW HITPOINT WARNING * * *
The orc attacks as it pursues you! The orc hits you with a +0 hand axe.
* * * LOW HITPOINT WARNING * * *
There is a stone staircase leading down here.
The orc barely misses you.
You climb downwards.
Found an escape hatch in the floor.
Found a stone staircase leading up.
There is a stone staircase leading up here.
You barely miss the orc. The orc barely misses you.
You hit the orc but do no damage. The orc closely misses you.
You hit the orc.
The orc is almost dead.
The orc closely misses you.
You hit the orc but do no damage.
The orc is almost dead.
The orc hits you with a +0 hand axe.
You die...

.#...##
.....
.>...
<.. ...
#.# #o#
#@#
#....#
####.#
#


You could see an orc.

Vanquished Creatures
  A dart slug (D:1)
  An orc (D:2)
  4 endoplasms (D:1)
  A giant cockroach (D:2)
  A goblin (D:2)
  2 hobgoblins
  4 ball pythons
  A bat (D:2)
  A kobold (D:1)
  A rat (D:1)
17 creatures vanquished.

Notes
Turn   | Place    | Note
-------+----------+-------------------------------------------
     0 | D:1      | FilipinaBountyHunter the Human Brigand began the quest for
                  | the Orb.
     0 | D:1      | Reached XP level 1. HP: 16/16 MP: 1/1
   183 | D:1      | Reached XP level 2. HP: 22/22 MP: 2/2
   403 | D:2      | HP: 1/22 [orc/+0 hand axe (5)]
   411 | D:3      | Slain by an orc

Illustrated notes

Levels and vault maps discovered:
D:1:      dpeg_arrival_simpleton_b, layout_rooms
D:2:      layout_loops_ring
D:3:      layout_loops_ring, minmay_distorted

Action                     || total
---------------------------++-------
  Melee: Dagger            ||    45
  Throw: Dart              ||    12
    Use: Scroll            ||     1
         Potion            ||     1
   Stab: Sleeping          ||     4
 Armour: Robe              ||    21
  Dodge: Dodged            ||    19
